2719 views
Uploaded 2020-02-01 12:27:00
Game version 1.32 / 1.32.1
11:01 long 3on3 ladder game on (6)StranglethornVale
Saved by BEARAND
2719 views
Uploaded 2020-02-01 12:27:00
Game version 1.32 / 1.32.1
11:01 long 3on3 ladder game on (6)StranglethornVale


57 units @ 4.4k
/ 0.1k
89 buildings @ 6.9k
/ 3.2k
BEARAND
(11:01) : 

| Mechanical Critter | 2 | 100 |
| Boots of Speed | 2 | 500 |
| Staff of Teleportation | 2 | 300 |
| Healing Salve | 2 | 200 |
| total: | 8 | 1100g |
| Peasant | 17 | 1275 | / | 0 |
| total: | 17 | 1275g | / | 0w |
| Scout Tower | 30 | 900 | / | 600 |
| Arcane Tower | 1 | 70 | / | 50 |
| Guard Tower | 17 | 1190 | / | 850 |
| Altar of Kings | 1 | 180 | / | 50 |
| Farm | 4 | 320 | / | 80 |
| Lumber Mill | 1 | 120 | / | 0 |
| Arcane Vault | 1 | 130 | / | 30 |
| Town Hall | 1 | 385 | / | 205 |
| Keep | 2 | 640 | / | 420 |
| Castle | 1 | 360 | / | 210 |
| total: | 38 | 2035g | / | 965w |
| 0:03 | Peasant |
| 0:03 | Peasant |
| 0:15 | Altar of Kings |
| 0:19 | Farm |
| 0:24 | Peasant |
| 0:25 | Peasant |
| 0:31 | Scout Tower |
| 0:43 | Peasant |
| 0:58 | Farm |
| 1:11 | Lumber Mill |
| 1:21 | Peasant |
| 1:22 | Peasant |
| 1:30 | Peasant |
| 1:44 | Scout Tower |
| 1:45 | Arcane Tower |
| 1:46 | Peasant |
| 1:59 | Peasant |
| 2:06 | Scout Tower |
| 2:16 | Guard Tower |
| 2:20 | Scout Tower |
| 2:38 | Blizzard |
| 2:40 | Guard Tower |
| 2:47 | Scout Tower |
| 2:57 | Peasant |
| 2:57 | Peasant |
| 3:29 | Guard Tower |
| 3:30 | Peasant |
| 3:34 | Guard Tower |
| 3:42 | Scout Tower |
| 3:43 | Scout Tower |
| 3:46 | Keep |
| 3:47 | Improved Masonry |
| 3:51 | Healing Salve |
| 4:09 | Boots of Speed |
| 4:50 | Guard Tower |
| 4:52 | Scout Tower |
| 4:52 | Scout Tower |
| 4:59 | Farm |
| 5:01 | Farm |
| 5:04 | Arcane Vault |
| 5:10 | Scout Tower |
| 5:11 | Scout Tower |
| 5:41 | Staff of Teleportation |
| 5:58 | Guard Tower |
| 6:52 | Town Hall |
| 6:56 | Brilliance Aura |
| 7:01 | Scout Tower |
| 7:02 | Scout Tower |
| 7:19 | Peasant |
| 7:21 | Peasant |
| 7:21 | Peasant |
| 7:22 | Peasant |
| 7:26 | Healing Salve |
| 7:42 | Storm Bolt |
| 9:16 | Castle |
| 9:18 | Guard Tower |
| 9:19 | Scout Tower |
| 9:19 | Scout Tower |
| 9:19 | Scout Tower |
| 9:38 | Guard Tower |
| 9:40 | Scout Tower |
| 9:40 | Scout Tower |
| 9:41 | Scout Tower |
| 9:41 | Scout Tower |
| 9:41 | Scout Tower |
| 9:42 | Scout Tower |
| 9:42 | Scout Tower |
| 9:43 | Scout Tower |
| 9:43 | Scout Tower |
| 9:43 | Scout Tower |
| 9:45 | Improved Lumber Harvesting |
| 10:04 | Mechanical Critter |
| 10:04 | Mechanical Critter |
| 10:10 | Guard Tower |
| 10:24 | Guard Tower |
| 10:26 | Scout Tower |
| 10:27 | Scout Tower |
| 10:30 | Scout Tower |
| 10:31 | Scout Tower |
| 10:40 | Staff of Teleportation |
| 10:40 | Boots of Speed |
| 10:54 | Blizzard |
| Right click | 900 |
| Select | 220 |
| Select group | 104 |
| Chat | 75 |
| Build/train/purchase | 72 |
| Use ability | 24 |
| Minimap ping | 17 |
| Assign group | 8 |
| Resource trade | 5 |
| Misc. action | 1 |
| Esc | 1 |


| Healing Salve | 3 | 300 |
| Lesser Clarity Potion | 2 | 140 |
| Boots of Speed | 2 | 500 |
| Staff of Teleportation | 2 | 300 |
| total: | 9 | 1240g |
| Peon | 13 | 975 | / | 0 |
| Troll Batrider | 2 | 320 | / | 80 |
| total: | 15 | 1295g | / | 80w |
| Watch Tower | 11 | 1210 | / | 880 |
| Altar of Storms | 1 | 180 | / | 50 |
| Orc Burrow | 4 | 640 | / | 160 |
| War Mill | 2 | 410 | / | 0 |
| Voodoo Lounge | 3 | 390 | / | 90 |
| Beastiary | 2 | 290 | / | 280 |
| Stronghold | 1 | 315 | / | 190 |
| Fortress | 1 | 325 | / | 190 |
| total: | 23 | 3120g | / | 1460w |
| 0:02 | Peon |
| 0:02 | Peon |
| 0:06 | Altar of Storms |
| 0:18 | Orc Burrow |
| 0:24 | Peon |
| 0:38 | Peon |
| 0:48 | War Mill |
| 0:54 | Peon |
| 1:05 | Voodoo Lounge |
| 1:18 | Peon |
| 1:29 | Peon |
| 1:37 | Peon |
| 1:53 | Orc Burrow |
| 2:05 | Watch Tower |
| 2:09 | Shockwave |
| 2:14 | Healing Salve |
| 2:23 | Peon |
| 2:33 | Watch Tower |
| 3:27 | Peon |
| 3:28 | Peon |
| 3:29 | Watch Tower |
| 3:33 | Watch Tower |
| 3:44 | Boots of Speed |
| 3:45 | Staff of Teleportation |
| 3:56 | Peon |
| 3:57 | Peon |
| 3:58 | Watch Tower |
| 4:47 | Stronghold |
| 4:51 | War Mill |
| 5:24 | Orc Burrow |
| 5:39 | Watch Tower |
| 5:42 | Watch Tower |
| 5:44 | Watch Tower |
| 6:12 | Voodoo Lounge |
| 6:14 | Voodoo Lounge |
| 6:35 | Watch Tower |
| 6:38 | Watch Tower |
| 6:53 | Watch Tower |
| 6:56 | Healing Salve |
| 7:45 | Lesser Clarity Potion |
| 7:45 | Lesser Clarity Potion |
| 8:08 | Endurance Aura |
| 8:20 | Hex |
| 8:57 | Boots of Speed |
| 8:58 | Staff of Teleportation |
| 9:01 | Fortress |
| 9:06 | Beastiary |
| 9:07 | Beastiary |
| 9:10 | Orc Burrow |
| 10:04 | Healing Salve |
| 10:15 | Reinforced Defenses |
| 10:15 | Steel Ranged Weapons |
| 10:15 | Spiked Barricades |
| 10:44 | Troll Batrider |
| 10:44 | Troll Batrider |
| Right click | 691 |
| Select | 146 |
| Select group | 47 |
| Build/train/purchase | 36 |
| Use ability | 21 |
| Misc. action | 6 |
| Resource trade | 4 |
| Assign group | 2 |
| Item give/drop | 1 |
| Minimap ping | 1 |

| Staff of Teleportation | 1 | 150 |
| Boots of Speed | 1 | 250 |
| Healing Salve | 1 | 100 |
| total: | 3 | 500g |
| Peasant | 25 | 1875 | / | 0 |
| total: | 25 | 1875g | / | 0w |
| Scout Tower | 19 | 570 | / | 380 |
| Arcane Tower | 1 | 70 | / | 50 |
| Guard Tower | 11 | 770 | / | 550 |
| Altar of Kings | 1 | 180 | / | 50 |
| Farm | 5 | 400 | / | 100 |
| Lumber Mill | 1 | 120 | / | 0 |
| Arcane Vault | 1 | 130 | / | 30 |
| Town Hall | 1 | 385 | / | 205 |
| Keep | 1 | 320 | / | 210 |
| Castle | 1 | 360 | / | 210 |
| total: | 28 | 1785g | / | 765w |
| 0:00 | Peasant |
| 0:11 | Altar of Kings |
| 0:12 | Peasant |
| 0:20 | Farm |
| 0:29 | Peasant |
| 0:37 | Peasant |
| 0:45 | Peasant |
| 0:52 | Farm |
| 0:55 | Farm |
| 1:01 | Scout Tower |
| 1:03 | Peasant |
| 1:17 | Peasant |
| 1:24 | Lumber Mill |
| 1:37 | Scout Tower |
| 1:39 | Arcane Tower |
| 1:42 | Peasant |
| 1:57 | Peasant |
| 2:24 | Scout Tower |
| 2:25 | Guard Tower |
| 2:30 | Peasant |
| 2:40 | Blizzard |
| 2:58 | Peasant |
| 3:03 | Arcane Vault |
| 3:04 | Guard Tower |
| 3:05 | Scout Tower |
| 3:05 | Scout Tower |
| 3:08 | Scout Tower |
| 3:17 | Improved Masonry |
| 3:28 | Scout Tower |
| 3:29 | Scout Tower |
| 3:40 | Staff of Teleportation |
| 3:41 | Boots of Speed |
| 3:44 | Peasant |
| 3:46 | Guard Tower |
| 3:49 | Scout Tower |
| 3:51 | Scout Tower |
| 4:08 | Guard Tower |
| 4:10 | Peasant |
| 4:50 | Town Hall |
| 4:53 | Brilliance Aura |
| 4:55 | Guard Tower |
| 4:57 | Peasant |
| 5:10 | Guard Tower |
| 5:13 | Peasant |
| 5:21 | Scout Tower |
| 5:55 | Guard Tower |
| 5:56 | Guard Tower |
| 5:58 | Peasant |
| 5:59 | Peasant |
| 6:02 | Peasant |
| 6:11 | Guard Tower |
| 6:19 | Healing Salve |
| 6:26 | Peasant |
| 6:46 | Keep |
| 6:47 | Peasant |
| 6:48 | Peasant |
| 6:59 | Peasant |
| 7:43 | Scout Tower |
| 7:43 | Scout Tower |
| 8:07 | Scout Tower |
| 8:08 | Scout Tower |
| 8:08 | Scout Tower |
| 8:12 | Peasant |
| 9:08 | Guard Tower |
| 9:13 | Peasant |
| 9:14 | Peasant |
| 9:40 | Scout Tower |
| 9:51 | Castle |
| 9:55 | Farm |
| 10:01 | Farm |
| 10:11 | Guard Tower |
| 10:15 | Scout Tower |
| 10:16 | Scout Tower |
| 10:23 | Improved Lumber Harvesting |
| 10:23 | Advanced Masonry |
| Right click | 588 |
| Select | 230 |
| Build/train/purchase | 54 |
| Assign group | 45 |
| Select group | 38 |
| Use ability | 21 |
| Misc. action | 7 |
| Minimap ping | 2 |
70 units @ 7.4k
/ 0.5k
28 buildings @ 4.8k
/ 1.7k

| Peon | 9 | 675 | / | 0 |
| Grunt | 3 | 600 | / | 0 |
| Troll Headhunter | 3 | 420 | / | 60 |
| Shaman | 2 | 260 | / | 40 |
| total: | 17 | 1955g | / | 100w |
| Orc Burrow | 4 | 640 | / | 160 |
| Altar of Storms | 1 | 180 | / | 50 |
| Barracks | 1 | 180 | / | 50 |
| War Mill | 1 | 205 | / | 0 |
| Beastiary | 1 | 145 | / | 140 |
| Spirit Lodge | 1 | 150 | / | 150 |
| Stronghold | 1 | 315 | / | 190 |
| total: | 9 | 1500g | / | 550w |
| 0:13 | Orc Burrow |
| 0:35 | Altar of Storms |
| 0:47 | Peon |
| 0:47 | Peon |
| 0:48 | Peon |
| 0:48 | Peon |
| 0:48 | Peon |
| 1:37 | Barracks |
| 2:06 | War Mill |
| 2:27 | Orc Burrow |
| 2:49 | Grunt |
| 3:02 | Wind Walk |
| 3:25 | Troll Headhunter |
| 3:35 | Steel Melee Weapons |
| 3:39 | Troll Headhunter |
| 3:53 | Steel Armor |
| 4:16 | Stronghold |
| 5:27 | Grunt |
| 5:27 | Grunt |
| 6:09 | Troll Headhunter |
| 6:25 | Orc Burrow |
| 6:43 | Beastiary |
| 6:48 | Peon |
| 6:48 | Peon |
| 7:05 | Orc Burrow |
| 7:45 | Critical Strike |
| 8:33 | Spirit Lodge |
| 9:14 | Thorium Melee Weapons |
| 10:01 | Peon |
| 10:01 | Peon |
| 10:11 | Shaman |
| 10:11 | Shaman |
| Select | 146 |
| Right click | 91 |
| Build/train/purchase | 26 |
| Misc. action | 11 |

| Acolyte | 12 | 900 | / | 0 |
| Ghoul | 5 | 600 | / | 0 |
| Crypt Fiend | 6 | 1290 | / | 240 |
| total: | 23 | 2790g | / | 240w |
| Spirit Tower | 1 | 145 | / | 40 |
| Crypt | 1 | 200 | / | 50 |
| Ziggurat | 3 | 450 | / | 150 |
| Altar of Darkness | 1 | 180 | / | 50 |
| Tomb of Relics | 1 | 130 | / | 30 |
| Graveyard | 1 | 215 | / | 0 |
| Halls of the Dead | 1 | 320 | / | 210 |
| total: | 7 | 1175g | / | 280w |
| 0:11 | Crypt |
| 0:27 | Ziggurat |
| 0:33 | Acolyte |
| 0:36 | Acolyte |
| 1:00 | Acolyte |
| 1:12 | Altar of Darkness |
| 1:52 | Ghoul |
| 1:52 | Ghoul |
| 1:52 | Ghoul |
| 2:40 | Ziggurat |
| 2:48 | Tomb of Relics |
| 3:38 | Acolyte |
| 3:39 | Acolyte |
| 3:39 | Acolyte |
| 3:39 | Acolyte |
| 3:40 | Acolyte |
| 3:40 | Acolyte |
| 4:04 | Frost Nova |
| 4:14 | Ghoul |
| 5:19 | Graveyard |
| 5:22 | Acolyte |
| 5:29 | Ghoul |
| 5:45 | Acolyte |
| 6:40 | Ziggurat |
| 6:49 | Crypt Fiend |
| 6:56 | Unholy Strength |
| 7:06 | Acolyte |
| 7:26 | Crypt Fiend |
| 7:46 | Spirit Tower |
| 8:08 | Crypt Fiend |
| 8:30 | Unholy Armor |
| 9:46 | Halls of the Dead |
| 9:47 | Crypt Fiend |
| 9:48 | Crypt Fiend |
| 9:48 | Crypt Fiend |
| Right click | 237 |
| Select | 139 |
| Build/train/purchase | 29 |
| Use ability | 5 |
| Remove unit | 1 |

| Moonstone | 1 | 50 |
| total: | 1 | 50g |
| Wisp | 18 | 1080 | / | 0 |
| Archer | 10 | 1300 | / | 100 |
| Hippogryph | 2 | 320 | / | 40 |
| total: | 30 | 2700g | / | 140w |
| Altar of Elders | 1 | 180 | / | 50 |
| Moon Well | 5 | 900 | / | 200 |
| Ancient of War | 2 | 300 | / | 120 |
| Hunter's Hall | 1 | 210 | / | 100 |
| Ancient of Wonders | 1 | 90 | / | 30 |
| Tree of Life | 1 | 340 | / | 185 |
| Ancient of Wind | 1 | 150 | / | 140 |
| Tree of Ages | 1 | 320 | / | 180 |
| total: | 12 | 2170g | / | 825w |
| 0:03 | Wisp |
| 0:03 | Wisp |
| 0:03 | Wisp |
| 0:13 | Altar of Elders |
| 0:22 | Moon Well |
| 0:25 | Wisp |
| 0:48 | Ancient of War |
| 0:57 | Wisp |
| 1:03 | Wisp |
| 1:10 | Wisp |
| 1:24 | Wisp |
| 1:25 | Wisp |
| 1:31 | Moon Well |
| 1:50 | Archer |
| 2:07 | Ancient of War |
| 2:10 | Wisp |
| 2:19 | Searing Arrows |
| 2:25 | Archer |
| 2:47 | Archer |
| 3:26 | Archer |
| 3:33 | Wisp |
| 3:34 | Wisp |
| 3:34 | Wisp |
| 3:57 | Archer |
| 4:01 | Moon Well |
| 4:14 | Tree of Ages |
| 4:35 | Archer |
| 4:52 | Trueshot Aura |
| 5:19 | Hunter's Hall |
| 5:22 | Archer |
| 5:28 | Ancient of Wonders |
| 6:00 | Archer |
| 6:07 | Moon Well |
| 6:40 | Strength of the Moon |
| 6:49 | Ancient of Wind |
| 6:52 | Improved Bows |
| 6:57 | Wisp |
| 7:28 | Searing Arrows |
| 8:04 | Moon Armor |
| 8:30 | Moonstone |
| 9:12 | Improved Moon Armor |
| 9:32 | Tree of Life |
| 9:38 | Wisp |
| 9:38 | Wisp |
| 9:38 | Wisp |
| 9:39 | Wisp |
| 9:47 | Moon Well |
| 9:53 | Archer |
| 9:56 | Hippogryph |
| 9:59 | Hippogryph |
| 10:24 | Archer |
| Right click | 342 |
| Select | 167 |
| Select group | 70 |
| Build/train/purchase | 44 |
| Assign group | 13 |
| Use ability | 3 |
| Remove unit | 3 |
โ